 Dungeon Crawl Stone Soup version 0.19.4-9-g45fd643 (webtiles) character file.

112 doot the Caller (level 4, 0/31 HPs)
             Began as a Merfolk Summoner on Feb 17, 2017.
             Slain by a white imp (5 damage)
             ... summoned by Natasha
             ... on level 2 of the Dungeon.
             The game lasted 00:11:51 (2979 turns).

doot the Caller (Merfolk Summoner)                  Turns: 2979, Time: 00:11:51

Health: 0/31       AC:  4    Str:  8    XL:     4   Next: 93%
Magic:  7/7        EV: 13    Int: 14    God:
Gold:   25         SH:  0    Dex: 15    Spells: 2 memorised, 4 levels left

rFire  . . .     SeeInvis +     u - +0 trident
rCold  . . .     Gourm    .     d - +0 leather armour
rNeg   . . .     Faith    .     (no shield)
rPois  .         Spirit   .     v - +0 helmet {SInv}
rElec  .         Reflect  .     (no cloak)
rCorr  .         Harm     .     (no gloves)
MR     .....                    (no boots)
Stlth  ++........               (no amulet)
                                (no ring)
                                (no ring)

@: slowed, very slow
A: change form in water, swift swim, stealthy swim
a: no special abilities


You were on level 2 of the Dungeon.
You were not hungry.

You visited 1 branch of the dungeon, and saw 2 of its levels.

You collected 25 gold pieces.

Inventory:

Hand Weapons
 e - a +0 club
 j - a +0 short sword
 n - a +0 spear
 t - a +3 dagger of venom
 u - a +0 trident (weapon)
Armour
 a - a +0 robe
 d - a +0 leather armour (worn)
 v - a +0 helmet of see invisible (worn)
Jewellery
 r - an uncursed ring of protection from cold {unknown}
Scrolls
 f - 2 scrolls of teleportation {unknown}
 g - a scroll of magic mapping {unknown}
 m - a scroll of noise {unknown}
 p - a scroll of identify {unknown}
 q - a scroll of fog {unknown}
 s - a scroll of enchant armour {unknown}
Potions
 i - a potion of lignification {unknown}
 k - 2 potions of berserk rage {unknown}
 o - a potion of brilliance {unknown}
Books
 b - a book of Callings

   Spells                             Type                      Level
   a - Summon Small Mammal            Summoning                    1
   b - Call Imp                       Summoning                    2
   c - Call Canine Familiar           Summoning                    3
   d - Summon Guardian Golem          Hexes/Summoning              3
   e - Summon Lightning Spire         Summoning/Air                4
   f - Summon Ice Beast               Ice/Summoning                4
Comestibles
 c - 4 bread rations
 h - a royal jelly
 l - 4 fruits


   Skills:
 + Level 0.7 Fighting
 * Level 1.5 Polearms
 + Level 0.4 Armour
 * Level 3.6 Dodging
 + Level 2.5 Stealth
 + Level 2.3 Spellcasting
 * Level 5.0 Summonings


You had 4 spell levels left.
You knew the following spells:

 Your Spells              Type           Power        Failure   Level  Hunger
a - Summon Small Mammal   Summ           ###.         4%          1    #......
b - Call Imp              Summ           ###.....     8%          2    ###....


Dungeon Overview and Level Annotations

Branches:
Dungeon (2/15)

Altars:

Annotations:
D:2 Natasha


Message History

Natasha is heavily wounded.
The white imp barely misses you. Natasha closely misses you.
The shadow imp closely misses you. The white imp closely misses you.
Natasha completely misses you.
You hit Natasha.
Natasha is almost dead.
The shadow imp gestures at you.
You barely resist.
The white imp shouts, "Bolt, thou clouted ruttish mendicant!"
The white imp gestures at you. The puff of frost hits you!
Natasha wildly gestures.
Natasha glows brightly for a moment.
Natasha casts a spell at you. The magic dart hits you!
* * * LOW HITPOINT WARNING * * *
The shadow imp completely misses you. The white imp hits you.
* * * LOW HITPOINT WARNING * * *
The white imp freezes you.
You die...

#.# #.# #.#
#.# #.###
#.# #.#..
#.# #.#.#
#.# #.#(#
#.# #.#.#
#.#
##h#.#####.#
#5@5.....#.#
#........#)#
#........#.#
#........#[#
#........#(#
#........#(#
#........#)#
#........#(#
#........#.#


You could see Natasha, a white imp and a shadow imp.

Vanquished Creatures
  An adder (D:2)
  A gnoll (D:2)
  A worm (D:2)
  A leopard gecko (D:2)
  3 bats
  3 giant cockroaches
  16 goblins
  6 hobgoblins
  5 kobolds
  A ball python (D:1)
  A frilled lizard (D:1)
  6 rats
45 creatures vanquished.

Vanquished Creatures (collateral kills)
  Terence (D:2)
  Robin (D:2)
  2 gnolls (D:2)
  An adder (D:2)
  2 kobolds (D:1)
  A rat (D:1)
8 creatures vanquished.

Grand Total: 53 creatures vanquished

Notes
Turn   | Place    | Note
-------+----------+-------------------------------------------
     0 | D:1      | doot the Merfolk Summoner began the quest for the Orb.
     0 | D:1      | Reached XP level 1. HP: 13/13 MP: 3/3
   281 | D:1      | Reached XP level 2. HP: 13/19 MP: 5/5
  1337 | D:1      | Learned a level 2 spell: Call Imp
  1511 | D:1      | Reached XP level 3. HP: 11/24 MP: 6/6
  2027 | D:2      | Noticed Terence
  2041 | D:2      | Killed Terence
  2104 | D:2      | Found a faded altar of an unknown god.
  2235 | D:2      | Reached XP level 4. HP: 21/30 MP: 4/7
  2521 | D:2      | Reached skill level 5 in Summonings
  2606 | D:2      | Noticed Robin
  2641 | D:2      | Reached skill level 1 in Polearms
  2920 | D:2      | Killed Robin
  2970 | D:2      | Noticed Natasha
  2979 | D:2      | Slain by a white imp

Skill      XL: |  1  2  3  4 |
---------------+-------------+-----
Dodging        | 3 |  3.6
Summonings     | 5 |  5.0
Polearms       | 1 |  1.5
Fighting       | |  0.7
Armour         | |  0.4
Stealth        | |  2.5
Spellcasting   | |  2.3

Action                   |  1- 3 |  4- 6 || total
-------------------------+-------+-------++-------
Melee: Unarmed           |    21 |       ||    21
       Club              |    50 |       ||    50
       Short sword       |    83 |       ||    83
       Dagger            |     5 |       ||     5
       Spear             |       |    92 ||    92
       Trident           |       |    11 ||    11
 Cast: Summon Small Mamm |     7 |       ||     7
       Call Imp          |     3 |     5 ||     8
  Use: Potion            |     1 |       ||     1
       Scroll            |     1 |       ||     1
 Stab: Sleeping          |     2 |     2 ||     4
  Eat: Chunk             |     5 |     3 ||     8
Armor: Robe              |    11 |       ||    11
       Leather armour    |    22 |    10 ||    32
Dodge: Dodged            |   103 |    57 ||   160
